 Dungeon Crawl Stone Soup version 0.30.1-3-gfc49f6343a (webtiles) character file.

Game seed: 18313757049076555105

98 Zeor the Shooter (level 4, 0/37 HPs)
             Began as a Draconian Hunter on Aug 9, 2023.
             Killed by an exploding quokka (34 damage)
             ... ignited by their inner flame
             ... on level 3 of the Dungeon.
             The game lasted 00:04:25 (1577 turns).

Zeor the Shooter (Draconian Hunter)                 Turns: 1577, Time: 00:04:25

Health: 0/37       AC:  6    Str: 13    XL:     4   Next: 44%
Magic:  4/4        EV: 13    Int:  9    God:
Gold:   140        SH:  0    Dex: 17    Spells: 3/3 levels left

rFire   . . .        a - +1 shortbow
rCold   . . .        (shield currently unavailable)
rNeg    + . .        (body armour unavailable)
rPois   .            (helmet restricted)
rElec   .            (no cloak)
rCorr   .            c - +0 pair of gloves
SInv    .            (no boots)
Will    .....        (no amulet)
Stlth   ++           e - ring of positive energy
HPRegen 0.26/turn    (no ring)
MPRegen 0.09/turn

%: no passive effects
@: no status effects
A: AC +5, unfitting armour, cold-blooded
a: no special abilities


You were on level 3 of the Dungeon.
You visited 1 branch of the dungeon, and saw 3 of its levels.

You collected 140 gold pieces.

Inventory:

Hand Weapons
 a - a +1 shortbow (weapon)
Armour
 c - a +0 pair of gloves (worn)
Jewellery
 e - a ring of positive energy (left hand)
Potions
 f - a potion of cancellation
 g - a potion of flight
 h - 3 potions of curing


   Skills:
 + Level 2.5 Fighting
 + Level 4.8 Ranged Weapons
 * Level 2.4 Dodging
 + Level 1.4 Stealth


You had 3 spell levels left.
You didn't know any spells.
Your spell library contained the following spells:

 Spells                   Type           Power      Damage    Failure   Level
 Foxfire                  Conj/Fire      0%         2x1d4     38%         1
 Sandblast                Erth           0%         2d4       38%         1
 Passwall                 Tmut/Erth      0%         N/A       52%         2
 Stone Arrow              Conj/Erth      0%         3d7       77%         3
 Fireball                 Conj/Fire      0%         3d3       100%        5
 Plasma Beam              Fire/Air       0%         2x1d11    100%        6
 Starburst                Conj/Fire      0%         6d3       100%        6


Dungeon Overview and Level Annotations

Branches:
Dungeon (3/15)

Altars:

Annotations:
D:2 1 runed translucent door, Crazy Yiuf


Innate Abilities, Weirdness & Mutations

Your plain brown scales are hard. (AC +5)
You cannot fit into any form of body armour.
You are cold-blooded and may be slowed by cold attacks.


Message History

As you read the scroll of identify, it crumbles to dust.
g - a potion of flight The quokka misses you.
The goblin hits you but does no damage.
A goblin comes into view. It is wielding a +0 dagger.
The quokka attacks as you move away!
The quokka bites you but does no damage.
The adder bites you but does no damage. The quokka bites you.
The quokka attacks as you move away! The quokka bites you.
The adder closely misses you. The quokka attacks as you move away!
The quokka bites you. The adder attacks as you move away!
The adder barely misses you.
Robin says, "Bow before me, strongest of all the hobgoblins!"
Okay, then.
Really read the scroll of immolation?
As you read the scroll of immolation, it crumbles to dust.
The creatures around you are filled with an inner flame!
The quokka closely misses you.
Robin roars a battlecry!
The goblin goes into a battle-frenzy!
A goblin comes into view. It is wielding a +0 club.
The quokka misses you.
The goblin shouts!
You aren't carrying any scrolls.
You aren't carrying any items that you can evoke.
Okay, then.
You shoot an arrow. The arrow misses the quokka.
The arrow misses the adder.
The arrow hits the goblin.
Flame seeps out of the goblin.
The goblin is severely wounded.
You hear a shout!
The hobgoblin no longer looks unusually strong.
The goblin is engulfed in blazing flames.
The goblin explodes!
The fiery explosion engulfs the hobgoblin!!
The fiery explosion engulfs Robin!!!
The fiery explosion engulfs the adder!
The adder explodes!
The fiery explosion engulfs the quokka!!
The quokka explodes!
The fiery explosion engulfs you!!
Ouch! That really hurt!
You die...

†)∙g∙∙)∙∙∙∙∙∙†∙∙∙
▒▒∙▒∙▒▒▒∙∙∙∙∙∙∙∙▒∙∙∙∙∙∙∙∙
▒▒∙▒∙▒▒∙g∙∙∙∙∙∙▒▒ ∙∙∙▒∙∙
∙∙g∙∙∙∙∙▒∙∙∙∙∙∙∙▒ ▒∙∙∙∙
∙∙∙∙∙∙∙∙#)∙∙∙∙∙∙▒▒∙∙∙∙▒
∙∙∙∙∙▒▒▒#○#∙∙∙∙∙▒∙∙▒∙∙▒
∙∙<∙∙)∙▒∙▒ ▒▒##∙∙∙∙▒▒∙▒▒∙†▒▒▒▒
∙∙∙∙∙∙∙▒∙▒▒▒▒▒#▒∙∙∙∙<∙∙▒∙∙∙∙∙∙∙
∙∙∙∙∙∙∙>∙∙∙∙∙▒d▒▒▒▒∙∙∙∙∙∙∙∙∙∙∙∙
∙∙∙∙∙∙∙∙∙▒▒▒∙∙∙▒▒▒▒∙∙▒▒▒∙∙∙∙∙∙∙
∙∙∙∙∙∙∙∙▒ ▒▒∙†∙)∙∙∙∙∙∙∙∙∙∙∙∙∙∙∙
∙∙∙∙∙∙∙∙▒ ▒∙∙▒∙∙∙∙∙∙∙▒∙▒▒∙####<
∙∙∙∙∙∙∙∙▒▒▒∙▒▒∙▒▒▒∙∙∙▒∙▒▒####∙∙
∙∙∙∙∙∙∙∙▒▒∙∙▒∙∙▒ ▒▒∙∙∙∙▒▒▒##▒▒▒
∙∙∙∙∙∙∙∙∙∙∙∙∙∙▒▒▒▒▒∙∙∙▒▒▒▒▒∙▒▒▒
∙∙∙∙∙∙∙∙∙∙▒▒▒▒▒▒∙∙∙∙∙∙∙∙∙∙∙∙∙∙∙
∙∙∙∙▒∙∙▒∙▒▒ ▒▒▒∙▒▒▒∙∙∙∙∙∙∙∙∙∙∙


You could see a goblin (strong).

Vanquished Creatures
  Robin (D:3)
  A gnoll (D:1)
  5 adders
  A dart slug (D:1)
  An endoplasm (D:1)
  2 giant cockroaches
  13 goblins
  9 hobgoblins
  3 jackals (D:1)
  4 kobolds
  3 quokkas
  2 ball pythons
  A bat (D:1)
  A frilled lizard (D:2)
  5 rats
52 creatures vanquished.

Notes
Turn   | Place    | Note
-------+----------+-------------------------------------------
     0 | D:1      | Zeor the Draconian Hunter began the quest for the Orb.
     0 | D:1      | Reached XP level 1. HP: 17/17 MP: 1/1
   163 | D:1      | Reached skill level 4 in Ranged Weapons
   163 | D:1      | Reached XP level 2. HP: 20/24 MP: 2/2
   201 | D:1      | Reached skill level 1 in Stealth
   361 | D:1      | Reached XP level 3. HP: 27/29 MP: 3/3
   825 | D:2      | Found a runed translucent door.
   826 | D:2      | Noticed Crazy Yiuf
  1391 | D:3      | Reached XP level 4. HP: 37/37 MP: 4/4
  1559 | D:3      | Noticed Robin
  1577 | D:3      | Killed Robin
  1577 | D:3      | Killed by an exploding quokka... ignited by their inner
                  | flame

Illustrated notes

Levels and vault maps discovered:
D:1:      dpeg_arrival_stone_temple_mockup, layout_rooms, serial_bayou_pond_d,
          minmay_misc_feat_nine_boxes, hangedman_decor_clover_reticule
D:2:      layout_basic, uniq_crazy_yiuf_cottage
D:3:      layout_rooms, uniq_robin

Skill      XL: |  1  2 |
---------------+-------+-----
Ranged Weapons | 4 |  4.8
Dodging        | 2 |  2.4
Stealth        | 1 |  1.4
Fighting       | |  2.5

Action                     |  1- 3 |  4- 6 || total
---------------------------+-------+-------++-------
  Melee: Unarmed           |       |     1 ||     1
   Fire: Shortbow          |   104 |    42 ||   146
    Use: Scroll            |     5 |     4 ||     9
         Potion            |     1 |     1 ||     2
 Armour: Skin              |    14 |     7 ||    21
  Dodge: Dodged            |    28 |    30 ||    58
